 Dungeon Crawl Stone Soup version 0.17-a0-2208-ge5ab1d3 (webtiles) character file.

111035 miniluv the Fencer (level 17, -1/144 HPs)
             Began as a Human Berserker on Oct 22, 2015.
             Was the Champion of Trog.
             Slain by Agnes
             ... wielding a +5 lajatang of distortion
              (3 damage)
             ... on level 2 of the Elven Halls on Oct 26, 2015.
             The game lasted 07:40:14 (37543 turns).

miniluv the Fencer (Human Berserker)               Turns: 37543, Time: 07:40:17

Health: -1/144     AC: 19    Str: 19    XL:     17   Next: 11%
Magic:  17/17      EV: 14    Int: 20    God:    Trog [******]
Gold:   1949       SH:  0    Dex: 16    Spells: 0 memorised, 16 levels left

rFire  . . .     SeeInvis .     j - +7 triple sword "Geloyn" {elec, +Inv rElec rN++ Int+2}
rCold  . . .     Clarity  .     Z - +2 chain mail {MR+}
rNeg   + + .     SustAt   .     (no shield)
rPois  +         Gourm    .     m - +1 helmet
rElec  +         Spirit   .     K - +2 cloak of Too Many Cooks {rCorr Int+8}
rCorr  +         Warding  .     J - +0 pair of gloves
rMut   .         Stasis   .     (no boots)
MR     ++...                    d - amulet of regeneration
Stlth  ..........               a - +6 ring of evasion
                                u - ring of poison resistance

@: about to teleport, drained, very resistant to hostile enchantments, extremely
unstealthy
A: blink
a: Blink, Berserk, Trog's Hand, Brothers in Arms, Burn Spellbooks, Renounce
Religion, Evoke Invisibility


You were on level 2 of the Elven Halls.
You worshipped Trog.
Trog was exalted by your worship.
You were not hungry.

You visited 6 branches of the dungeon, and saw 30 of its levels.
You also visited: Volcano.

You collected 2647 gold pieces.
You spent 698 gold pieces at shops.

Inventory:

Hand Weapons
 j - the +7 triple sword "Geloyn" (weapon) {elec, +Inv rElec rN++ Int+2}
   (Trog gifted it to you on level 4 of the Lair of Beasts)

   Occasionally, upon striking a foe, it will discharge some electrical energy
   and cause terrible harm.
   It affects your intelligence (+2).
   It insulates you from electricity.
   It greatly protects you from negative energy.
   It lets you turn invisible.
 Q - a +7 antimagic great sword
Missiles
 D - 4 needles of slowing
 X - 6 steel javelins (quivered)
Armour
 k - a +3 plate armour of fire resistance
 m - a +1 helmet (worn)
 J - a +0 pair of gloves (worn)
 K - the +2 cloak of Too Many Cooks (worn) {rCorr Int+8}
   (You found it on level 12 of the Dungeon)

   It affects your intelligence (+8).
   It protects you from acid and corrosion.
 V - a troll hide
 Z - a +2 chain mail of magic resistance (worn)
Jewellery
 a - a +6 ring of evasion (right hand)
 d - an amulet of regeneration (around neck)
 n - an uncursed amulet of clarity
 u - a ring of poison resistance (left hand)
 E - an uncursed ring of flight
Wands
 q - a wand of digging (10)
 x - a wand of slowing (19)
Scrolls
 b - 3 scrolls of recharging
 c - a scroll of fear
 h - 2 scrolls of immolation
 i - 13 scrolls of remove curse
 l - 2 scrolls of torment {unknown}
 t - a scroll of acquirement {unknown}
 C - a scroll of blinking {unknown}
 G - 4 scrolls of fog
 M - 6 scrolls of identify
 R - 5 scrolls of magic mapping
 Y - 3 scrolls of teleportation
Potions
 e - a potion of invisibility
 f - 3 potions of lignification
 o - a potion of heal wounds
 v - 2 potions of flight
 A - 2 potions of cancellation
 F - 2 potions of haste
 H - 2 potions of might
 I - 3 potions of brilliance
 O - a potion of magic
 P - 3 potions of agility
 S - 7 potions of curing
 T - 3 potions of resistance
Miscellaneous
 r - a fan of gales
Comestibles
 g - 3 chunks of flesh
 s - 4 meat rations
 z - 4 fruits
 W - 8 royal jellies


   Skills:
 * Level 15.9(14.7) Fighting
 * Level 20.0(18.7) Long Blades
 * Level 7.5(6.5) Throwing
 - Level 9.0(8.0) Armour
 - Level 2.6(1.7) Dodging
 - Level 0.7(0.0) Stealth
 - Level 1.0(0.2) Evocations


You had 16 spell levels left.
You didn't know any spells.

Dungeon Overview and Level Annotations

Branches:
Dungeon (13/15)            Temple (1/1) D:6            Lair (8/8) D:10
  Swamp (0/4) Lair:3        Snake (2/4) Lair:3        Slime (0/6) Lair:8
    Orc (4/4) D:12            Elf (2/3) Orc:3
 Vaults: D:13-14

Altars:
Ashenzari
Cheibriados
Dithmenos
Elyvilon
Fedhas
Gozag
Kikubaaqudgha
Makhleb
Nemelex Xobeh
Okawaru
Qazlal
Ru
Sif Muna
Trog
Vehumet
Xom
Yredelemnul
Zin
The Shining One
Beogh

Shops:
D:5 =   D:8 *   Orc:4 ![(**

Annotations:
D:10 Harold
Lair:8 exclusion: oklob plant
Elf:2 Agnes


Innate Abilities, Weirdness & Mutations

You can translocate small distances at will.


Message History

You miss the flail of draining.
The flail of draining is severely damaged.
The deep elf knight completely misses you.
Agnes hits you but does no damage. Space bends around you.
The battleaxe of holy wrath hits you!!
* * * LOW HITPOINT WARNING * * *
The flail of draining hits you!
* * * LOW HITPOINT WARNING * * *
You partially resist.
You feel drained.
* * * LOW HITPOINT WARNING * * *
The deep elf knight closely misses you.
A trident of protection comes into view.
Read which item? (? for menu, Esc to quit)
As you read the scroll of teleportation, it crumbles to dust.
You feel strangely unstable. Agnes closely misses you.
The flail of draining completely misses you.
The battleaxe of holy wrath hits you!
* * * LOW HITPOINT WARNING * * *
Agnes hits you with a lajatang of distortion.
You die...

.........................
.........................
........................#
..........#........(....#
.........# #...........#
.....)..## ##..........##
.........###.....(......#
..........#....(ei.......
.............(()@(e......
##.....##...##...##...##.
##...####.####.## #.##
##### ### ### ##


You could see Agnes, a deep elf knight, a deep elf priest and 4 dancing weapons.

Vanquished Creatures
  Donald (Orc:3)
  2 deep elf demonologists (Elf:1)
  Erolcha (D:11)
  An anaconda (Snake:1)
  6 hydras
  6 death yaks (Lair:6)
  8 dancing weapons (Elf:2)
  A naga sharpshooter (Snake:2)
  A shock serpent (Snake:1)
  7 deep elf knights
  An orc high priest (Orc:4)
  A flayed ghost (D:12)
  The ghost of plantmann the Unseen, a novice SpEn of Dithmenos (Lair:1)
  An unseen horror (D:12)
  6 deep elf summoners
  A naga ritualist (Snake:1)
  4 lindwurms (Lair:2)
  2 orc knights
  14 deep elf conjurers
  A water nymph (shapeshifter) (Elf:1)
  An ugly thing (D:11)
  5 hill giants
  3 griffons
  A salamander (Snake:1)
  A manticore (D:12)
  3 mana vipers (Snake:1)
  A guardian serpent (Lair:3)
  8 black mambas
  An orc sorcerer (Orc:4)
  5 naga magi (Snake:1)
  A torpor snail (Lair:8)
  15 spiny frogs
  A centaur skeleton (D:12)
  2 gargoyles
  5 fire drakes
  A tengu conjurer (D:12)
  2 spriggan druids (Lair:8)
  15 komodo dragons
  6 trolls
  8 deep elf priests
  A jumping spider (shapeshifter) (Elf:1)
  Prince Ribbit (Lair:1)
  4 polar bears (Lair:8)
  3 boulder beetles
  21 blink frogs
  3 two-headed ogres
  9 spriggans (Lair:8)
  50 yaks
  21 deep elf fighters
  3 redbacks (Lair:8)
  3 basilisks
  16 deep elf magi
  A vampire (D:12)
  A steam dragon (Lair:3)
  2 hungry ghosts (D:10)
  15 hippogriffs
  6 swamp worms (Lair:3)
  2 wargs
  4 nagas (Snake:1)
  18 water moccasins
  A mottled dragon (D:12)
  23 wolves
  13 porcupines
  8 black bears
  43 orc warriors
  5 sky beasts
  6 wasps
  2 phantoms
  9 centaurs
  6 necrophages
  15 ogres
  A brain worm (D:12)
  15 crocodiles
  18 giant frogs
  A big kobold (D:10)
  A water moccasin zombie (D:9)
  3 scorpions
  4 wights (D:6)
  15 killer bees
  An electric eel (Lair:3)
  6 hounds
  2 quasits
  6 crimson imps
  4 giant frog zombies
  A centaur zombie (D:7)
  4 giant frog skeletons
  38 orc priests
  9 jellies
  16 worker ants
  Jessica (D:3)
  16 iguanas
  45 orc wizards
  6 sheep (Lair:1)
  A hound skeleton (D:11)
  A hound zombie (D:10)
  A worker ant zombie (D:9)
  A gnoll (D:1)
  12 adders
  5 shadow imps
  55 river rats
  6 oozes
  An adder zombie (D:6)
  4 worms
  9 giant geckos
  203 orcs
  4 ball pythons
  10 bats
  9 giant cockroaches
  3 hobgoblins
  12 kobolds
  2 giant newts (D:1)
  7 goblins
  5 jackals
  9 quokkas
  10 rats
  A bush (D:7)
  3 butterflies (D:5)
  2 fungi
  6 plants
1061 creatures vanquished.

Vanquished Creatures (collateral kills)
  A hydra (Lair:6)
  Nergalle (Lair:1)
  A black mamba (Lair:6)
  2 komodo dragons (Lair:1)
  A blink frog (Lair:6)
  A yak (Lair:6)
  A water moccasin (Lair:1)
8 creatures vanquished.

Vanquished Creatures (others)
  A deep elf knight (Elf:2)
  A quokka (D:10)
  2 bushes
  25 fungi
  25 plants
54 creatures vanquished.

Grand Total: 1123 creatures vanquished

Notes
Turn   | Place    | Note
--------------------------------------------------------------
     0 | D:1      | miniluv the Human Berserker began the quest for the Orb.
     0 | D:1      | Reached XP level 1. HP: 18/18 MP: 1/1
   198 | D:1      | Reached XP level 2. HP: 24/24 MP: 2/2
   476 | D:1      | Reached XP level 3. HP: 25/29 MP: 3/3
   618 | D:1      | Reached ** piety under Trog
   847 | D:2      | Found a faded altar to an unknown god.
   937 | D:2      | Reached XP level 4. HP: 17/36 MP: 4/4
  1297 | D:2      | Found a snail-covered altar of Cheibriados.
  1677 | D:2      | Found a bloodstained altar of Trog.
  1686 | D:2      | Found a glowing golden altar of the Shining One.
  1717 | D:2      | Found a white marble altar of Elyvilon.
  1718 | D:2      | Found a shattered altar of Ashenzari.
  1724 | D:2      | Found an opulent altar of Gozag.
  2206 | D:3      | Found a sacrificial altar of Ru.
  2297 | D:3      | Found a sparkling altar of Nemelex Xobeh.
  2297 | D:3      | Noticed Jessica
  2303 | D:3      | Killed Jessica
  2303 | D:3      | Reached skill level 4 in Fighting
  2303 | D:3      | Reached XP level 5. HP: 37/42 MP: 5/5
  2518 | D:3      | Found an ancient bone altar of Kikubaaqudgha.
  2620 | D:3      | Reached *** piety under Trog
  2704 | D:5      | Entered Level 5 of the Dungeon
  2704 | D:5      | Found Uteesoh's Jewellery Shoppe.
  2808 | D:4      | Found a shadowy altar of Dithmenos.
  2840 | D:4      | Reached XP level 6. HP: 27/48 MP: 6/6
  2902 | D:4      | Reached skill level 5 in Long Blades
  3220 | D:4      | Received a gift from Trog
  3371 | D:4      | Reached XP level 7. HP: 41/55 MP: 7/7
  3751 | D:4      | Noticed a centaur
  3760 | D:4      | Killed a centaur
  3760 | D:4      | Reached skill level 6 in Long Blades
  3998 | D:4      | Noticed a sky beast
  4016 | D:4      | Killed a sky beast
  4253 | D:5      | Found a runed door.
  4256 | D:5      | Found a runed door.
  4261 | D:5      | Reached skill level 5 in Fighting
  4268 | D:5      | Reached skill level 7 in Long Blades
  4272 | D:5      | Reached XP level 8. HP: 62/62 MP: 8/8
  4337 | D:5      | Noticed an ogre
  4350 | D:5      | Killed an ogre
  4350 | D:5      | Reached skill level 8 in Long Blades
  4501 | D:5      | Noticed a necrophage
  4516 | D:5      | Killed a necrophage
  4528 | D:5      | Found a glowing silver altar of Zin.
  4600 | D:5      | Noticed a hippogriff
  4608 | D:5      | Killed a hippogriff
  4627 | D:5      | Found a sparkling altar of Nemelex Xobeh.
  4866 | D:6      | Reached skill level 9 in Long Blades
  4927 | D:6      | Reached XP level 9. HP: 69/69 MP: 9/9
  5041 | D:6      | Reached **** piety under Trog
  5171 | D:6      | Reached skill level 10 in Long Blades
  5201 | D:6      | Found a staircase to the Ecumenical Temple.
  5214 | Temple   | Entered the Ecumenical Temple
  6578 | D:7      | Found a blossoming altar of Fedhas.
  6612 | D:7      | Reached skill level 11 in Long Blades
  6713 | D:7      | Reached XP level 10. HP: 79/79 MP: 10/10
  6919 | D:7      | Found an iron altar of Okawaru.
  6965 | D:7      | Reached ***** piety under Trog
  7536 | D:8      | Reached skill level 12 in Long Blades
  7542 | D:8      | Reached skill level 1 in Evocations
  7884 | D:8      | Reached skill level 5 in Armour
  8081 | D:8      | Found Zamuesuy's General Store.
  8114 | D:8      | Bought a scroll of remove curse for 30 gold pieces
  8114 | D:8      | Bought a scroll of enchant armour for 75 gold pieces
  8558 | D:8      | Reached XP level 11. HP: 45/86 MP: 11/11
  8806 | D:9      | Received a gift from Trog
  9293 | D:10     | Entered Level 10 of the Dungeon
  9747 | D:9      | Reached skill level 13 in Long Blades
 10056 | D:10     | Found a staircase to the Lair.
 10463 | D:10     | Noticed a hill giant
 10496 | D:10     | Received a gift from Trog
 10506 | D:10     | Killed a hill giant
 10580 | D:10     | Noticed a hill giant
 10595 | D:10     | Killed a hill giant
 10708 | D:10     | Found a white marble altar of Elyvilon.
 10804 | D:10     | Noticed Harold
 11335 | Lair:1   | Entered Level 1 of the Lair of Beasts
 11374 | Lair:1   | Received a gift from Trog
 11405 | Lair:1   | Noticed plantmann's ghost (novice SpEn)
 11429 | Lair:1   | Killed plantmann's ghost
 11708 | Lair:1   | Noticed Prince Ribbit
 11731 | Lair:1   | Killed Prince Ribbit
 11731 | Lair:1   | Reached XP level 12. HP: 97/97 MP: 4/12
 11887 | Lair:1   | Reached skill level 10 in Fighting
 12155 | Lair:1   | Reached skill level 14 in Long Blades
 12436 | Lair:1   | Noticed Nergalle
 12468 | Lair:1   | Killed Nergalle
 12560 | Lair:1   | Noticed an eight-headed hydra
 12573 | Lair:1   | Killed a 13-headed hydra
 13567 | Lair:1   | Upgraded the game from 0.17-a0-2127-g1cb09f6 to 0.17-a0-2147-gfb20a63
 14289 | Lair:2   | Noticed a seven-headed hydra
 14297 | Lair:2   | Killed an eight-headed hydra
 14456 | Lair:2   | Reached skill level 1 in Throwing
 14529 | Lair:2   | Reached XP level 13. HP: 88/105 MP: 4/13
 14533 | Lair:2   | Received a gift from Trog
 14852 | Lair:2   | Reached skill level 15 in Long Blades
 15013 | Lair:3   | Found a staircase to the Snake Pit.
 16184 | Lair:3   | Found a staircase to the Swamp.
 16590 | Snake:1  | Entered Level 1 of the Snake Pit
 16746 | Snake:1  | Upgraded the game from 0.17-a0-2147-gfb20a63 to 0.17-a0-2171-ga91b4ec
 17765 | Snake:1  | You fall through a shaft!
 17799 | Snake:2  | Reached skill level 16 in Long Blades
 18360 | Snake:1  | Received a gift from Trog
 18387 | Snake:1  | Noticed a greater naga
 18879 | Lair:4   | Reached XP level 14. HP: 116/116 MP: 4/14
 19955 | Lair:4   | Received a gift from Trog
 19961 | Lair:4   | Got a fine triple sword {god gift}
 19962 | Lair:4   | Identified the +7 triple sword "Geloyn" {elec, +Inv rElec rN++ Int+2} (Trog gifted it to you on level 4 of the Lair of Beasts)
 21706 | Lair:5   | Got a sparkling silver ring
 22262 | Lair:6   | Reached skill level 17 in Long Blades
 23079 | Lair:6   | Reached skill level 5 in Throwing
 23092 | Lair:6   | Received a gift from Trog
 23571 | Lair:6   | Identified the cursed ring "Omiyrph" {rF+ rN+ AC-4 Str+4} (You found it on level 5 of the Lair of Beasts)
 24465 | Lair:7   | Received a gift from Trog
 24465 | Lair:7   | Reached XP level 15. HP: 119/125 MP: 15/15
 24740 | Lair:8   | Entered Level 8 of the Lair of Beasts
 25416 | Lair:8   | Reached skill level 18 in Long Blades
 25803 | Lair:8   | Received a gift from Trog
 25807 | Lair:8   | Got a shimmering great mace {god gift}
 25937 | Lair:8   | Identified the +4 great mace "Juvodgh" {venom, *Contam rPois rN+} (Trog gifted it to you on level 8 of the Lair of Beasts)
 26977 | Lair:8   | Found a staircase to the Slime Pits.
 27561 | D:11     | Noticed a hill giant
 27569 | D:11     | Killed a hill giant
 27704 | D:11     | Noticed a cyan ugly thing
 27720 | D:11     | Killed a cyan ugly thing
 28070 | D:11     | Noticed Erolcha
 28074 | D:11     | Killed Erolcha
 28390 | D:12     | Found a staircase to the Orcish Mines.
 28404 | D:12     | Received a gift from Trog
 29104 | D:12     | Received a gift from Trog
 29631 | D:12     | Found a roughly hewn altar of Beogh.
 30241 | D:12     | Upgraded the game from 0.17-a0-2171-ga91b4ec to 0.17-a0-2208-ge5ab1d3
 30522 | D:12     | Got a crude cloak
 30528 | D:12     | Identified the +2 cloak of Too Many Cooks {rCorr Int+8} (You found it on level 12 of the Dungeon)
 30572 | Orc:1    | Entered Level 1 of the Orcish Mines
 30694 | Orc:1    | Found a roughly hewn altar of Beogh.
 30740 | Orc:1    | Received a gift from Trog
 30845 | Orc:1    | Reached XP level 16. HP: 131/134 MP: 16/16
 31071 | Orc:1    | Found a dark tunnel.
 31080 | Volcano  | Entered a volcano
 31876 | Orc:3    | Noticed Donald
 31888 | Orc:3    | Killed Donald
 31888 | Orc:3    | Received a gift from Trog
 32345 | Orc:3    | Found a staircase to the Elven Halls.
 32411 | Orc:4    | Entered Level 4 of the Orcish Mines
 32415 | Orc:4    | Found Oxem's Assorted Antiques.
 32430 | Orc:4    | Bought a scroll of identify for 72 gold pieces
 32430 | Orc:4    | Bought a potion of might for 144 gold pieces
 32671 | Orc:4    | Found a roughly hewn altar of Beogh.
 32675 | Orc:4    | Reached skill level 19 in Long Blades
 32682 | Orc:4    | Reached ****** piety under Trog
 32686 | Orc:4    | Found Ijogueg's Distillery.
 32738 | Orc:4    | Found a roughly hewn altar of Beogh.
 32840 | Orc:4    | Received a gift from Trog
 32854 | Orc:4    | Gained mutation: You can translocate small distances at will. [potion of beneficial mutation]
 32999 | Orc:4    | Found a roughly hewn altar of Beogh.
 33100 | Orc:4    | Found a roughly hewn altar of Beogh.
 33135 | Orc:4    | Found a roughly hewn altar of Beogh.
 33145 | Orc:4    | Found Odooth's Assorted Antiques.
 33160 | Orc:4    | Bought a scroll of immolation for 98 gold pieces
 33160 | Orc:4    | Bought a scroll of identify for 56 gold pieces
 33160 | Orc:4    | Bought a scroll of remove curse for 84 gold pieces
 33777 | Orc:4    | Reached skill level 15 in Fighting
 34015 | Orc:4    | Found Ijeydgh's Antique Weapon Boutique.
 34016 | Orc:4    | Found a roughly hewn altar of Beogh.
 34019 | Orc:4    | Found Rixuar's Antique Armour Shop.
 34037 | Orc:4    | Bought a shiny helmet for 139 gold pieces
 34663 | Elf:1    | Entered Level 1 of the Elven Halls
 34688 | Elf:1    | Found a radiant altar of Vehumet.
 34706 | Elf:1    | Received a gift from Trog
 35875 | Elf:1    | Received a gift from Trog
 36773 | Elf:2    | Found a runed gate.
 36773 | Elf:2    | Found a runed gate.
 36773 | Elf:2    | Found a runed gate.
 37263 | Elf:2    | Reached XP level 17. HP: 106/144 MP: 7/17
 37276 | Elf:2    | Reached skill level 20 in Long Blades
 37340 | Elf:2    | Received a gift from Trog
 37538 | Elf:2    | Noticed Agnes
 37543 | Elf:2    | HP: 2/144 [battleaxe of holy wrath (13)]
 37543 | Elf:2    | Slain by Agnes

Vault maps used:
D:1:      lightli_arrival_windingriver
D:2:      cheibriados_altar_1, minitemple, first_bread, ecumenical_altar_1
D:3:      nicolae_ru_the_path_less_chosen, nicolae_overflow_crystal_walls,
          nemelex_lonely_heart_becter
D:4:      kennysheep_cross_bottleneck, grunt_dithmenos_smoke
D:5:      lemuel_insect_pit, zin_statuary, nemelex_xobeh_ov_fountains_minmay,
          serial_shops, shop
D:6:      minmay_temple_entry_glassed_door, water_maze_lemuel
D:7:      fedhas_altar_decomposition, overflow_temple_1_default,
          kennysheep_generic_room_14
D:8:      nicolae_whirlpool, serial_shops, shop
D:10:     dpeg_lair_monsters, hangedman_little_slice_of_home, elyvilon_altar_4,
          uniq_harold
D:11:     uniq_erolcha
D:12:     minmay_orc_entry_temple_small, minmay_evil_grid
D:13:     david_vaults_2, nicolae_trove_entry_diagonal
Temple:   hc_temple_tempest_star_small
Lair:1:   beast_lair_carwin_large_4, serial_bayou_shore_b, grunt_megastairs_2,
          serial_bayou_shore_a, uniq_nergalle, uniq_prince_ribbit2
Lair:2:   portal_ice_cave_entry_pillars_01, st_stairs_4, minmay_lindwurm_lava
Lair:3:   nicolae_swamp_entry_splash_gauntlet, minmay_snake_entry_spellcaster,
          beast_lair_carwin_2
Lair:4:   grunt_forest_large_clearings, bh_autumn_forest_stairs
Lair:5:   lemuel_fruit_tree
Lair:6:   hangedman_lair_generics_rect
Lair:7:   minivault_26
Lair:8:   minmay_lair_end_enchanted_forest, minmay_slime_entry_oklob_enclosed
Orc:1:    nicolae_volcano_entry_vermiform, mines2_david
Orc:2:    basic_altar, abandoned_shop
Orc:3:    nicolae_orc_pool_cavern, uniq_donald
Orc:4:    grunt_orc_community_town_hall, grunt_orc_community_big_house_1,
          grunt_orc_community_big_house_2, grunt_orc_community_house_1,
          grunt_orc_community_house_1, grunt_orc_community_house_1,
          grunt_orc_community_house_1, grunt_orc_community_house_2,
          grunt_orc_community_house_1, serial_shops, nicolae_shop_behind_doors
Elf:1:    eino_elf_arrival_altar, evilmike_minifort
Elf:2:    corexii_leaking_fountain, uniq_agnes
Volcano:  volcano_aerie

Action                   |  1- 3 |  4- 6 |  7- 9 | 10-12 | 13-15 | 16-18 || total
-------------------------+-------+-------+-------+-------+-------+-------++-------
Melee: Falchion          |   106 |   268 |    57 |       |       |       ||   431
       Demon blade       |       |       |   197 |   149 |       |       ||   346
       Great sword       |       |       |       |   542 |   428 |       ||   970
       Triple sword      |       |       |       |       |   782 |   658 ||  1440
       Short sword       |       |       |       |       |     9 |       ||     9
Throw: Tomahawk          |       |       |       |    13 |     6 |       ||    19
       Javelin           |       |       |       |       |    14 |       ||    14
Invok: Berserk           |     2 |     1 |     5 |     7 |    14 |     5 ||    34
       Burn Spellbooks   |       |       |     2 |     1 |     8 |     1 ||    12
       Brothers in Arms  |       |       |       |     1 |     1 |       ||     2
       Trog's Hand       |       |       |       |       |     2 |       ||     2
 Abil: Evoke Flight      |       |       |     3 |     1 |     1 |     1 ||     6
       Blink             |       |       |       |       |       |     1 ||     1
Evoke: Wand              |       |       |       |     2 |     3 |       ||     5
  Use: Potion            |     3 |     2 |     1 |     2 |     5 |     3 ||    16
       Scroll            |     1 |     4 |     5 |     5 |    21 |     8 ||    44
 Stab: Sleeping          |     1 |       |       |       |       |       ||     1
  Eat: Bread ration      |     1 |     1 |     1 |     3 |     6 |     1 ||    13
       Meat ration       |       |     1 |     3 |     3 |     1 |     1 ||     9
       Pizza             |       |     1 |       |       |     3 |       ||     4
       Fruit             |       |       |       |     8 |    31 |       ||    39
       Beef jerky        |       |       |       |     2 |     2 |     2 ||     6
       Royal jelly       |       |       |       |     2 |       |       ||     2
       Chunk             |       |       |       |       |     3 |    17 ||    20
